 Dungeon Crawl Stone Soup version 0.32-a0-350-g4f4d228785 (webtiles) character file.

Game seed: 15744507426912475718

1513096 PaperRat the Dwarven Child (level 26, 215/215 HPs)
             Began as a Mountain Dwarf Wanderer on Feb 17, 2024.
             Was a Follower of Hepliaklqana.
             Escaped with the Orb
             ... and 3 runes!
             The game lasted 05:42:26 (87213 turns).

PaperRat the Dwarven Child (MDWn)                  Turns: 87213, Time: 05:42:26

Health: 215/215    AC: 33    Str: 20    XL:     26   Next: 68%
Magic:  16/53      EV: 11    Int: 38    God:    Hepliaklqana [*.....]
Gold:   164        SH:  6    Dex: 10    Spells: 5/59 levels left

rFire   + . .        q - +3 flail of Incongruity {holy, Will+ Int+6 Dex+2}
rCold   . . .        k - +1 buckler {AC+3}
rNeg    + . .        l - +4 swamp dragon scales
rPois   +            m - +2 helmet "Guotwoim" {^Contam Will+ SInv}
rElec   +            p - +2 cloak {rCorr}
rCorr   +            I - +2 pair of gloves {Str+3}
SInv    +            J - +2 pair of boots
Will    ++++.        (no amulet)
Stlth   +            O - ring "Lenokium" {Fly rElec rF+, =R}
HPRegen 0.55/turn    j - ring of Waez {rN+ MP+9 Str+3 Int+5}
MPRegen 0.33/turn

%: no passive effects
@: flying, studying 2 skills
A: reduced essence, runic magic, artefact enchanting, deterioration 1
0: Orb of Zot
}: 3/15 runes: decaying, serpentine, slimy
a: Renounce Religion, Recall Ancestor, Ancestor Identity


You escaped.
You worshipped Hepliaklqana.
Hepliaklqana was aware of your devotion.
You visited 11 branches of the dungeon, and saw 53 of its levels.
You visited 1 bazaar.
You also visited: Sewer and Ice Cave.

You collected 6865 gold pieces.
You spent 6701 gold pieces at shops.

Inventory:

Hand Weapons
 a - the +9 mace of the Fool {pain, Int+3 Dex+4}
   (You found it on level 4 of the Dungeon)

   Int+3:     It affects your intelligence (+3).
   Dex+4:     It affects your dexterity (+4).
 q - the +3 flail of Incongruity (weapon) {holy, Will+ Int+6 Dex+2}
   (You took it off a deep elf sorcerer on level 3 of the Elven Halls)

   Int+6:     It affects your intelligence (+6).
   Dex+2:     It affects your dexterity (+2).
   Will+:     It increases your willpower.
Missiles
 F - 16 curare-tipped darts (quivered)
 S - 2 throwing nets {!f}
Armour
 k - a +1 buckler of protection (worn)
 l - +4 swamp dragon scales (worn)
 m - the +2 helmet "Guotwoim" (worn) {^Contam Will+ SInv}
   (You bought it in a shop in a bazaar)

   Will+:     It increases your willpower.
   SInv:      It lets you see invisible.
   ^Contam:   It causes magical contamination when unequipped.
 p - a +2 cloak of preservation (worn)
 I - a +2 pair of gloves of strength (worn)
 J - a +2 pair of boots (worn)
Magical Staves
 w - a staff of fire
 M - the staff "Rupaz" {rC+ Will+ Str+2 Int+3 Ice}
   (You took it off Josephina on level 1 of the Realm of Zot)

   [staff of cold]

   Base accuracy: +5 Base damage: 5 Base attack delay: 1.2 This weapon's minimum
   attack delay (0.6) is reached at skill level 12.
   Str+2:     It affects your strength (+2).
   Int+3:     It affects your intelligence (+3).
   rC+:       It protects you from cold.
   Will+:     It increases your willpower.
   Ice:       It increases the power of your Ice spells.
   It falls into the 'Staves' category.
   It is a one-handed weapon.
Jewellery
 j - the ring of Waez (right hand) {rN+ MP+9 Str+3 Int+5}
   (You took it off a deep elf pyromancer on level 3 of the Elven Halls)

   [ring of positive energy]

   Str+3:     It affects your strength (+3).
   Int+5:     It affects your intelligence (+5).
   rN+:       It protects you from negative energy.
   MP+9:      It affects your magic capacity (+9).
 y - the ring of the Winnowing Gods {rC+ rCorr}
   (You found it on level 2 of the Depths)

   [ring of resist corrosion]

   rC+:       It protects you from cold.
   rCorr:     It protects you from acid and corrosion.
 N - the ring "Jidyrgh" {Wiz Will+}
   (You took it off a deep elf sorcerer on level 3 of the Elven Halls)

   [ring of wizardry]

   Wiz:       It improves your spell success rate.
   Will+:     It increases your willpower.
 O - the ring "Lenokium" (left hand) {Fly rElec rF+, =R}
   (You took it off a deep elf elementalist on level 3 of the Elven Halls)

   [ring of protection from fire]

   rF+:       It protects you from fire.
   rElec:     It insulates you from electricity.
   Fly:       It grants you flight.
 Q - the amulet "Faot" {Reflect Fly rC+ Int+4 Dex-4 SH+5}
   (You bought it in a shop on level 1 of the Snake Pit)

   [amulet of reflection]

   Reflect:   It reflects blocked missile attacks.
   Int+4:     It affects your intelligence (+4).
   Dex-4:     It affects your dexterity (-4).
   rC+:       It protects you from cold.
   Fly:       It grants you flight.
   SH+5:      It affects your SH (+5).
 R - an amulet of faith
Wands
 b - a wand of roots (35)
 c - a wand of quicksilver (12)
 d - a wand of digging (8)
 n - a wand of charming (66)
 z - a wand of mindburst (16)
Scrolls
 e - 13 scrolls of teleportation {@r3}
 h - 2 scrolls of silence
 i - 8 scrolls of fog {@r2}
 r - 5 scrolls of butterflies {@r6}
 v - 6 scrolls of poison
 E - 8 scrolls of blinking {@r5}
 K - 6 scrolls of fear {@r4}
 L - 7 scrolls of vulnerability
 P - a scroll of revelation
 W - a scroll of amnesia
 Y - 8 scrolls of immolation
Potions
 f - 10 potions of might {@q3}
 g - 3 potions of brilliance {@q5}
 o - 5 potions of invisibility
 s - 4 potions of resistance
 t - 14 potions of enlightenment {@q6}
 u - 14 potions of curing {@q1}
 x - 3 potions of magic
 A - 6 potions of haste {@q4}
 D - 11 potions of heal wounds {@q2}
 G - 3 potions of cancellation
 H - 9 potions of mutation {@q7}
 U - 11 potions of lignification
Miscellaneous
 B - a phantom mirror
 C - a tin of tremorstones (2/2)
 V - a lightning rod (4/4)
 X - a sack of spiders
 Z - a phial of floods


   Skills:
 - Level 20.0 Fighting
 - Level 14.0 Maces & Flails
 - Level 15.0 Armour
 - Level 4.0 Dodging
 - Level 2.0 Stealth
 - Level 6.0 Shields
 + Level 17.1 Spellcasting
 - Level 21.0 Conjurations
 - Level 4.0 Hexes
 - Level 10.0 Summonings
 - Level 8.0 Necromancy
 - Level 2.0 Translocations
 - Level 23.5 Fire Magic
 - Level 4.0 Air Magic
 - Level 3.0 Alchemy
 - Level 23.5 Invocations
 + Level 13.1 Evocations


You had 5 spell levels left.
You knew the following spells:

 Your Spells              Type           Power      Damage    Failure   Level
a - Fireball              Conj/Fire      58%        3d22      0%          5
b - Irradiate             Conj/Alch      44%        3d26      1%          5
d - Ignition              Fire           59%        3d16      1%          8
f - Fire Storm            Conj/Fire      58%        8d15      14%         9
g - Passwall              Erth           32%        N/A       3%          3
s - Starburst             Conj/Fire      58%        6d15      1%          6
t - Blink                 Tloc           94%        N/A       1%          2
v - Orb of Destruction    Conj           56%        9d14      1%          7
w - Yara's Violent Unrav  Hex/Alch       28%        3d12      9%          5
x - Martyr's Knell        Necr/Summ      79%        N/A       1%          4

Your spell library contained the following spells:

 Spells                   Type           Power      Damage    Failure   Level
 Foxfire                  Conj/Fire      100%       2x1d9     0%          1
 Kiss of Death            Conj/Necr      100%       2d13      0%          1
 Magic Dart               Conj           100%       1d8       0%          1
 Shock                    Conj/Air       100%       1d9       0%          1
 Sting                    Conj/Alch      100%       1d9       0%          1
 Static Discharge         Conj/Air       100%       3-8/arc   0%          2
 Inner Flame              Hex/Fire       95%        N/A       0%          3
 Summon Blazeheart Golem  Fire/Summ      100%       N/A       0%          4
 Iskenderun's Battlesphe  Conj           100%       2d15      0%          5
 Apportation              Tloc           94%        N/A       1%          1
 Freeze                   Ice            100%       1d10      1%          1
 Slow                     Hex            100%       N/A       1%          1
 Summon Small Mammal      Summ           100%       N/A       1%          1
 Call Imp                 Summ           100%       N/A       1%          2
 Cigotuvi's Dreadful Rot  Necr/Alch/Air  100%       N/A       1%          2
 Ensorcelled Hibernation  Hex/Ice        94%        N/A       1%          2
 Jinxbite                 Hex            100%       N/A       1%          2
 Mercury Vapours          Alch/Air       100%       N/A       1%          2
 Sublimation of Blood     Necr           76%        N/A       1%          2
 Call Canine Familiar     Summ           83%        N/A       1%          3
 Confusing Touch          Hex            58%        N/A       1%          3
 Dazzling Flash           Conj/Hex       100%       N/A       1%          3
 Gell's Gravitas          Tloc           47%        N/A       1%          3
 Mephitic Cloud           Conj/Alch/Air  80%        N/A       1%          3
 Sigil of Binding         Hex            58%        N/A       1%          3
 Swiftness                Air            58%        N/A       1%          3
 Teleport Other           Tloc           47%        N/A       1%          3
 Tukima's Dance           Hex            58%        N/A       1%          3
 Vampiric Draining        Necr           76%        2d11      1%          3
 Volatile Blastmotes      Fire/Tloc      100%       2d18      1%          3
 Anguish                  Hex/Necr       33%        N/A       1%          4
 Brom's Barrelling Bould  Conj/Erth      84%        2d10      1%          4
 Dispel Undead            Necr           76%        3d25      1%          4
 Fulminant Prism          Conj/Alch      44%        3d19      1%          4
 Ignite Poison            Fire/Alch      93%        N/A       1%          4
 Iskenderun's Mystic Bla  Conj/Tloc      88%        2d17      1%          4
 Sticky Flame             Fire/Alch      93%        2d14      1%          4
 Summon Lightning Spire   Summ/Air       72%        N/A       1%          4
 Freezing Cloud           Conj/Ice/Air   38%        6-21      1%          5
 Airstrike                Air            29%        2d(5-21)  2%          4
 Frozen Ramparts          Ice            64%        1d10      3%          3
 Dimensional Bullseye     Hex/Tloc       26%        N/A       3%          4
 Olgreb's Toxic Radiance  Alch           53%        N/A       3%          4
 Vhi's Electric Charge    Tloc/Air       100%       N/A       3%          4
 Passage of Golubria      Tloc           47%        N/A       5%          4
 Leda's Liquefaction      Alch/Erth      22%        N/A       7%          4
 Silence                  Hex/Air        29%        N/A       7%          5
 Alistair's Intoxication  Alch           35%        N/A       11%         5
 Lee's Rapid Deconstruct  Erth           16%        3d10*     34%         5
 Conjure Ball Lightning   Conj/Air       45%        3x3d16    1%          6
 Plasma Beam              Fire/Air       47%        2x1d62    1%          6
 Spellforged Servitor     Conj/Summ      50%        N/A       1%          7
 Bombard                  Conj/Erth      42%        9d7       2%          6
 Death Channel            Necr           38%        N/A       8%          6
 Haunt                    Necr/Summ      39%        N/A       26%         7
 Dispersal                Tloc           23%        N/A       65%         6
 Lehudib's Crystal Spear  Conj/Erth      42%        10d10     75%         8
 Enfeeble                 Hex            29%        N/A       91%         7
 Borgnjor's Revivificati  Necr           38%        N/A       97%         8
 Maxwell's Capacitive Co  Air            29%        ∞         100%        8
 Death's Door             Necr           38%        N/A       100%        9


Dungeon Overview and Level Annotations

Branches:
Dungeon (15/15)            Temple (1/1) D:5            Lair (5/5) D:11
  Swamp (4/4) Lair:3        Snake (4/4) Lair:2        Slime (5/5) Lair:4
    Orc (2/2) D:11            Elf (3/3) Orc:2        Vaults (5/5) D:13
  Crypt (0/3) Vaults:2     Depths (4/4) D:15            Zot (5/5) Depths:4
  Sewer (visited)           IceCv (visited)

Altars:
Ashenzari
Cheibriados
Dithmenos
Elyvilon
Fedhas
Gozag
Hepliaklqana
Kikubaaqudgha
Makhleb
Nemelex Xobeh
Okawaru
Qazlal
Ru
Sif Muna
Trog
Uskayaw
Vehumet
Wu Jian
Xom
Yredelemnul
Zin
The Shining One
Beogh
Jiyva

Shops:
D:13 !   Orc:2 [!=::   Elf:1 :=:   Elf:2 =   Elf:3 !   Snake:1 :(=[:
Snake:3 :   Vaults:2 !   Vaults:3 [!   Vaults:4 (   Depths:1 *

Portals:
Hell: Lair:5 Depths:1 Depths:2 Depths:3 Depths:4
Abyss: Depths:2 Depths:3
Pandemonium: Depths:2
Ziggurat: Depths:2

Annotations:
Elf:2 5 runed translucent doors


Innate Abilities, Weirdness & Mutations

Your life essence is reduced to manifest your ancestor. (-10% HP)
Your spellcasting is much less encumbered by armour.
You can use scrolls of enchantment on lesser artefacts.
Your body sometimes deteriorates upon taking damage.


Message History

Aiming: Fastroot
Press: ? - help, Shift-Dir - straight line, f - lorocyproca
Aim: a lorocyproca (moderately wounded, slightly transparent, ally target)
The roots erupt in riotous growth!
Roots grab the lorocyproca.
Pebble avoids your attack.
The grasping roots constrict the lorocyproca.
Pebble barely misses the lorocyproca.
The lorocyproca struggles to escape constriction.
Aiming: Quicksilver Bolt
Press: ? - help, Shift-Dir - straight line, f/p - lorocyproca
Aim: a lorocyproca (moderately wounded, slightly transparent, constricted by roots, ally target, 100% to hit)
The bolt of dispelling energy hits the lorocyproca!!
The lorocyproca is heavily wounded.
The grasping roots constrict the lorocyproca!
Pebble hits the lorocyproca with a +0 broad axe of speed!!!
The lorocyproca dies!
You start putting on your amulet.
You continue putting on your amulet of faith. x5
You finish putting on your amulet of faith.
You feel a surge of divine interest.
R - an amulet of faith (around neck)
You start removing your amulet.
You continue taking off your amulet of faith. x4
You finish taking off your amulet of faith.
Hepliaklqana seems less interested in you.
You feel less pious.
You can no longer swap creatures with your ancestor.
Okay, then.
You start putting on your amulet.
You continue putting on your amulet of faith. x5
You finish putting on your amulet of faith.
You feel a surge of divine interest.
R - an amulet of faith (around neck)
You start removing your amulet.
You continue taking off your amulet of faith. x4
You finish taking off your amulet of faith.
Hepliaklqana seems less interested in you.
You feel less pious.
You have escaped!

#.#.###############
#.#...##...........
######.....>..##########
#......####..........)R.
#[>##### #############. #..#
##...##....... ##..#
######..#.....###.. ##..##
#....#..####.#..#.. #...#
#.@R.'..#..+.#..#.. #..##
#....#..#..#.#'##.. #...##
######..###..#..#.. #.#..#
#.......#..#.#
#.##.####################.
###.##......................
#.....##...>....###.........
#.....#.........# #.........
#.......#...>...# #.........


You could see the friendly Pebble the knight (idealised, reflecting).

Vanquished Creatures
  the Royal Jelly (Slime:5)
  A pandemonium lord (Zot:5)
  A dread lich (Zot:5)
  Mara (Snake:3)
  7 orbs of fire
  2 ancient liches (Zot:5)
  Josephina (Zot:1)
  Bai Suzhen (Swamp:3)
  Vv (Depths:4)
  8 Killer Klowns
  2 curse toes (Zot:4)
  the Lernaean hydra (Swamp:4)
  Saint Roka (Vaults:1)
  7 golden dragons
  Nikola (Elf:1)
  Jory (Depths:3)
  Norris (Vaults:1)
  An electric golem (Zot:5)
  3 doom hounds (Zot:2)
  A hellephant (Zot:3)
  Jorgrun (Snake:3)
  23 Orb Guardians (Zot:5)
  Zenata (Elf:2)
  A walking earthen tome (Depths:4)
  7 tentacled monstrosities
  2 deep elf blademasters
  Mlioglotl (Swamp:1)
  Grunn (Zot:2)
  4 liches
  A sphinx (Vaults:1)
  2 deep elf master archers (Elf:3)
  8 quicksilver dragons
  Gastronok (D:9)
  An Executioner (Zot:1)
  11 acid blobs
  5 death cobs
  4 thorn hunters
  6 storm dragons
  Kirke (Elf:1)
  5 shadow dragons
  11 azure jellies
  Donald (Swamp:1)
  2 revenants (Vaults:2)
  2 fenstrider witches
  9 rockslimes
  2 protean progenitors (Zot:4)
  2 nagarajas
  5 draconian monks (Depths:4)
  4 deep elf sorcerers
  5 vault wardens
  2 orc warlords
  4 draconian shifters
  3 draconian knights
  3 frost giants
  A balrug (D:3)
  3 deep elf elementalists (Elf:3)
  3 fire giants
  A ghost moth (Zot:3)
  4 draconian scorchers
  2 angels
  3 draconian stormcallers
  11 ironbound preservers
  5 very ugly things (Depths:4)
  5 draconian annihilators
  11 quicksilver oozes
  The ghost of mrw0lf the Grappler, a journeyman TrFi of Gozag (Lair:3)
  A formless jellyfish (Vaults:2)
  12 stone giants
  5 eleionomae
  6 vampire knights
  5 ironbound thunderhulks
  7 black draconians
  4 deep elf death magi (Elf:3)
  13 green draconians
  2 deep elf demonologists
  5 dire elephants
  5 deep elf annihilators
  2 war gargoyles (Vaults:2)
  5 purple draconians
  15 white draconians
  9 red draconians
  4 yellow draconians
  4 spark wasps
  9 bunyips
  4 ettins (Depths:1)
  7 eidola (Depths:3)
  A blizzard demon (D:8)
  2 jiangshi (Depths:4)
  9 great orbs of eyes
  5 fire dragons
  An entropy weaver (Vaults:2)
  7 deep elf high priests
  5 ice dragons
  10 yaktaur captains
  3 peacekeepers
  2 rakshasas
  8 hydras
  A hell beast (Depths:2)
  37 vault guards
  10 anacondas
  A spriggan air mage (Depths:4)
  6 ironbound frosthearts
  20 centaur warriors
  6 boulder beetles
  6 alligators
  12 dancing weapons
  2 two-headed ogres (D:7)
  6 tengu warriors
  7 deep troll earth magi
  9 death yaks (Lair:5)
  5 deep troll shamans
  2 vampire magi
  2 hell hogs (Depths:2)
  8 naga warriors
  3 spriggan berserkers
  7 naga sharpshooters
  3 orc high priests
  Amaemon (D:11)
  22 deep elf knights
  6 shock serpents
  7 hell knights
  4 skysharks
  2 soul eaters (Depths:2)
  3 sun demons (D:3)
  3 sea snakes (Snake:4)
  11 shadow wraiths (Depths:3)
  3 salamander mystics
  4 iron trolls
  2 goliath frogs (Swamp:4)
  3 glowing orange brains
  A skeletal warrior (Vaults:2)
  5 arcanists
  4 spriggan druids
  10 mana vipers
  6 flayed ghosts (Depths:3)
  41 deep trolls
  11 swamp dragons (Swamp:4)
  A swamp dragon (shapeshifter) (Depths:1)
  4 naga ritualists
  An orange crystal statue (Depths:1)
  A golden dragon skeleton (Depths:1)
  An obsidian statue (D:13)
  A death drake (Depths:4)
  13 deep elf archers
  10 ironbound convokers
  6 phantasmal warriors
  5 necromancers
  8 lindwurms
  28 deep elf pyromancers
  6 orc knights
  23 deep elf zephyrmancers
  2 orc sorcerers
  2 shining eyes
  24 ugly things
  A manticore (D:11)
  5 cyclopes
  3 will-o-the-wisps
  6 salamanders
  14 moths of wrath
  5 eyes of devastation
  A meliai (shapeshifter) (D:13)
  4 elephants
  2 centaur zombies (D:15)
  4 guardian serpents (Snake:4)
  2 water nymphs (Swamp:2)
  12 naga magi
  11 vault sentinels
  A smoke demon (Depths:2)
  A torpor snail (Lair:3)
  25 black mambas
  4 large abominations
  2 orange demons
  A gargoyle (D:7)
  3 cane toads
  5 rime drakes
  A ghost moth simulacrum (Zot:1)
  24 yaktaurs
  2 anaconda simulacra (IceCv)
  A hellion (Zot:5)
  A yaktaur zombie (Vaults:3)
  An elf zombie (Vaults:3)
  5 komodo dragons
  2 tengu conjurers
  An efreet (D:13)
  6 freezing wraiths
  7 ice devils (IceCv)
  A hellwing (Zot:5)
  A red devil (Lair:5)
  A polar bear (Lair:5)
  2 tyrant leeches
  6 trolls
  A blink frog (shapeshifter) (D:14)
  6 blink frogs
  6 glass eyes
  3 bloated husks
  9 hornets
  A tarantella (Vaults:2)
  A tarantella (shapeshifter) (Vaults:4)
  A fire giant simulacrum (Depths:1)
  A draconian simulacrum (Zot:1)
  A spriggan zombie (Depths:1)
  3 air elementals
  87 slime creatures
  10 spriggans
  A water elemental (Depths:3)
  3 wyverns
  11 humans
  A knight (Elf:1)
  28 yaks
  A fire elemental (Elf:3)
  A wraith (D:10)
  2 elf skeletons (Vaults:3)
  6 wargs
  5 golden eyes (Slime:2)
  A black draconian simulacrum (Zot:1)
  9 redbacks
  5 hogs (Elf:1)
  A yellow draconian simulacrum (Zot:1)
  2 steam dragons
  21 vampire mosquitoes
  9 swamp worms
  A death yak simulacrum (IceCv)
  32 nagas
  A hell hound (Lair:5)
  An acid dragon (D:11)
  8 water moccasins
  A moth of wrath simulacrum (Zot:1)
  5 swamp drakes
  14 orc warriors
  An ice beast (D:7)
  A black bear (shapeshifter) (Elf:1)
  7 ogres
  A black bear (D:6)
  A sky beast (D:8)
  9 wolves
  3 boggarts (Vaults:4)
  7 centaurs
  2 phantoms
  A nameless horror (D:6)
  4 bullfrogs
  2 earth elementals
  2 cane toad simulacra (IceCv)
  An elephant simulacrum (IceCv)
  6 electric eels
  A bullfrog zombie (D:6)
  4 howler monkeys
  A bombardier beetle (D:5)
  A hound (D:5)
  A jelly (D:6)
  7 orc priests
  A gnoll bouda (D:5)
  Crazy Yiuf (D:6)
  6 iguanas
  12 orc wizards
  A polar bear simulacrum (IceCv)
  A sickly merfolk siren (Sewer)
  A wolf simulacrum (IceCv)
  6 gnolls
  9 adders
  2 river rats (Sewer)
  A shadow imp (D:7)
  A white imp (D:8)
  2 ribbon worms (D:3)
  4 dart slugs
  29 orcs
  4 bats
  12 endoplasms
  4 giant cockroaches
  7 goblins
  13 hobgoblins
  3 jackals (D:1)
  7 kobolds
  3 quokkas
  10 ball pythons
  2 frilled lizards
  18 rats
  2 aspiring fleshes (Zot:4)
  4 fire vortices
1552 creatures vanquished.

Vanquished Creatures (collateral kills)
  2 orbs of fire
  An ancient lich (Zot:5)
  Parghit (Depths:4)
  A curse toe (Zot:3)
  7 golden dragons
  9 tentacled monstrosities
  An electric golem (Zot:5)
  3 Orb Guardians
  A deep elf master archer (Elf:3)
  A deep elf blademaster (Elf:3)
  A quicksilver dragon (Depths:4)
  3 death cobs
  4 sphinxes
  6 acid blobs
  A shadow dragon (Zot:1)
  2 storm dragons
  A tengu reaver (Depths:4)
  Aizul (Snake:3)
  A nagaraja (Snake:4)
  A fenstrider witch (Swamp:1)
  2 fire giants (Depths:1)
  4 rockslimes
  3 draconian monks
  3 frost giants
  A deep elf sorcerer (Elf:3)
  2 ghost moths (Depths:3)
  2 vault wardens (Vaults:3)
  An orc warlord (Orc:1)
  2 azure jellies (Slime:5)
  4 deep elf elementalists (Elf:3)
  2 draconian annihilators (Zot:2)
  3 ironbound preservers
  3 stone giants
  2 formless jellyfish
  3 deep elf death magi (Elf:3)
  3 vampire knights
  A very ugly thing (Depths:1)
  5 green draconians
  An ironbound thunderhulk (Vaults:4)
  2 deep elf annihilators (Elf:3)
  2 lorocyprocas
  5 white draconians
  A yellow draconian (Zot:4)
  5 black draconians
  2 war gargoyles (Vaults:2)
  A deep elf demonologist (Elf:3)
  A spark wasp (Depths:3)
  A bunyip (Swamp:1)
  2 purple draconians
  2 fire dragons (Depths:1)
  9 red draconians
  Snorg (D:10)
  2 ettins (Depths:4)
  5 yaktaur captains
  A crystal guardian (Vaults:4)
  A jiangshi (Depths:4)
  A deep elf high priest (Elf:3)
  2 great orbs of eyes
  A salamander tyrant (Snake:4)
  2 ice dragons (Depths:4)
  5 anacondas
  6 hydras
  6 ogre magi (Orc:2)
  3 ironbound frosthearts
  A rakshasa (D:15)
  A death knight (D:15)
  6 centaur warriors
  2 two-headed ogres (D:11)
  4 alligators
  9 dancing weapons
  4 deep troll shamans
  5 boulder beetles
  9 naga warriors
  2 death yaks (Lair:5)
  A hell hog (Depths:2)
  3 tengu warriors
  A hell knight (Depths:4)
  A shock serpent (Snake:4)
  2 naga sharpshooters
  A spriggan berserker (Depths:4)
  3 deep elf knights
  3 sun demons
  A skyshark (Vaults:1)
  A shadow wraith (Depths:3)
  2 salamander mystics
  A sea snake (Snake:4)
  A death drake (Depths:4)
  A titan skeleton (Depths:1)
  2 iron trolls (Depths:1)
  A glowing orange brain (Depths:3)
  14 deep trolls
  Lodul (D:11)
  6 swamp dragons
  2 skeletal warriors (D:15)
  A spriggan druid (Swamp:1)
  A lindwurm (Vaults:3)
  2 mana vipers
  A naga ritualist (Snake:1)
  2 necromancers
  12 deep elf pyromancers
  4 ironbound convokers
  A deep elf archer (Elf:3)
  6 deep elf zephyrmancers
  4 manticores
  14 salamanders
  8 orc sorcerers
  7 ugly things
  3 cyclopes
  5 shining eyes
  7 elephants
  4 will-o-the-wisps
  An ice statue (IceCv)
  A guardian serpent (shapeshifter) (D:13)
  7 moths of wrath
  19 black mambas
  Joseph (D:7)
  2 guardian serpents
  5 cane toads
  3 naga magi
  6 vault sentinels
  A smoke demon (Lair:5)
  2 orange demons
  An unseen horror (D:11)
  2 gargoyles (D:11)
  4 rime drakes (Lair:5)
  A kobold demonologist (D:9)
  10 komodo dragons
  2 efreet
  5 yaktaurs
  2 tengu conjurers
  4 ice devils
  5 freezing wraiths
  An anaconda simulacrum (IceCv)
  2 red devils (Lair:5)
  2 polar bears
  4 trolls
  A wind drake (shapeshifter) (Elf:1)
  A wolf spider simulacrum (D:15)
  3 tyrant leeches
  6 blink frogs
  A blink frog (shapeshifter) (Vaults:4)
  3 hornets
  11 dream sheep
  28 slime creatures
  5 shadows
  A centaur simulacrum (D:11)
  A dire elephant simulacrum (IceCv)
  4 wraiths
  5 wyverns
  A water elemental (Depths:3)
  3 spriggans
  42 yaks
  3 vampires
  3 basilisks
  4 humans
  5 wargs
  5 death yak simulacra (IceCv)
  2 fire elementals
  7 vampire mosquitoes
  A redback (Vaults:2)
  A steam dragon (D:8)
  A harpy simulacrum (IceCv)
  Edmund (D:6)
  13 nagas
  3 acid dragons
  3 water moccasins
  3 hydra simulacra (IceCv)
  3 hell hounds (Lair:5)
  2 swamp worms (Swamp:1)
  2 swamp drakes (Swamp:4)
  An ice beast (Vaults:1)
  4 sky beasts (D:7)
  11 orc warriors
  A small abomination (Depths:4)
  A laughing skull (D:11)
  3 black bears (D:6)
  2 boggarts (Vaults:4)
  14 ogres
  12 wolves
  3 centaurs
  2 kobold brigands
  2 phantoms (D:5)
  3 bullfrogs
  2 gnoll sergeants
  2 wyvern zombies (D:6)
  3 cane toad simulacra (IceCv)
  3 scorpions
  6 killer bees (D:8)
  3 elephant simulacra (IceCv)
  A howler monkey (D:10)
  A nameless horror (Lair:5)
  2 bombardier beetles
  A centaur zombie (D:6)
  2 bullfrog zombies (D:6)
  A jelly (D:7)
  3 hounds
  7 orc priests
  A gnoll bouda (D:8)
  5 iguanas
  23 orc wizards
  2 troll simulacra (IceCv)
  3 polar bear simulacra (IceCv)
  13 gnolls
  3 adders (D:3)
  3 naga simulacra (IceCv)
  2 white imps
  44 orcs
  2 ball pythons (D:3)
  2 kobolds (D:9)
807 creatures vanquished.

Vanquished Creatures (others)
  A death cob (Zot:5)
  A deep elf master archer (Elf:3)
  A fenstrider witch (Swamp:4)
  A deep elf elementalist (Elf:3)
  A fire dragon (Depths:1)
  2 alligators (Swamp:1)
  A centaur warrior (Vaults:2)
  A hell knight (Depths:1)
  A deep elf knight (Elf:2)
  A black mamba (Snake:1)
  4 yaktaurs
  A bloated husk (Swamp:1)
  A hog (Elf:1)
  A human (D:13)
  A water moccasin (Lair:4)
  2 ancestors (D:7)
  22 knights
  35 blazeheart cores
  97 fire vortices
  37 foxfires
  4 starspawn tentacles (Swamp:1)
216 creatures vanquished.

Grand Total: 2575 creatures vanquished

Notes
Turn   | Place    | Note
-------+----------+-------------------------------------------
     0 | D:1      | PaperRat the Mountain Dwarf Wanderer began the quest for
                  | the Orb.
     0 | D:1      | PaperRat set off with the following items: a +0 club, a
                  | potion of attraction, a +0 robe, a wand of polymorph (7);
                  | and the following spell memorised: Shock; and the following
                  | spells available to memorise: Sublimation of Blood,
                  | Cigotuvi's Dreadful Rot, Summon Lightning Spire, Vhi's
                  | Electric Charge.
     0 | D:1      | Reached XP level 1. HP: 14/14 MP: 2/2
   101 | D:1      | Reached XP level 2. HP: 20/20 MP: 0/3
   135 | D:1      | Found a faded altar of an unknown god.
   140 | D:1      | Reached skill level 1 in Conjurations
   155 | D:1      | Reached skill level 1 in Stealth
   501 | D:1      | Reached XP level 3. HP: 26/26 MP: 2/4
  1391 | D:2      | Reached XP level 4. HP: 34/34 MP: 3/5
  1585 | D:2      | Reached skill level 1 in Fighting
  1607 | D:2      | Identified the +0 ring mail "Afic" {+Inv Int-5 Stlth+}
  1864 | D:3      | Found a bloodstained altar of Trog.
  1864 | D:3      | Found a stormy altar of Qazlal.
  1962 | D:3      | Reached skill level 1 in Summonings
  1963 | D:3      | Found a glowing drain.
  2016 | Sewer    | Entered a sewer
  2203 | Sewer    | Reached XP level 5. HP: 41/41 MP: 4/7
  2288 | Sewer    | Noticed a crocodile
  2429 | Sewer    | Learned a level 4 spell: Summon Lightning Spire
  3233 | D:3      | Learned a level 3 spell: Call Canine Familiar
  3260 | D:3      | Reached XP level 6. HP: 48/48 MP: 4/9
  4177 | D:4      | Reached skill level 5 in Summonings
  4191 | D:4      | Reached XP level 7. HP: 55/55 MP: 1/10
  4407 | D:4      | Found a glowing golden altar of the Shining One.
  4494 | D:4      | You fall into a shaft and drop 3 floors!
  4716 | D:7      | Learned a level 1 spell: Kiss of Death
  4861 | D:7      | Found a white marble altar of Elyvilon.
  4954 | D:6      | Noticed a nameless horror
  5132 | D:7      | Noticed Joseph
  5400 | D:6      | Found a runed translucent door.
  5402 | D:6      | Noticed Crazy Yiuf
  5418 | D:6      | Killed Crazy Yiuf
  5631 | D:6      | Reached XP level 8. HP: 61/61 MP: 6/12
  5823 | D:6      | Learned a level 4 spell: Summon Blazeheart Golem
  5965 | D:6      | Reached skill level 1 in Fire Magic
  6188 | D:6      | Found a snail-covered altar of Cheibriados.
  6222 | D:5      | Entered Level 5 of the Dungeon
  6527 | D:5      | Identified the +4 ring mail "Nitimy" {rPois}
  7239 | D:4      | Reached skill level 5 in Fire Magic
  7239 | D:4      | Reached XP level 9. HP: 71/71 MP: 5/14
  7315 | D:4      | Identified the +5 mace of the Fool {pain, Int+3 Dex+4}
  7678 | D:5      | Found a staircase to the Ecumenical Temple.
  7764 | Temple   | Entered the Ecumenical Temple
  7782 | Temple   | Became a worshipper of Hepliaklqana the Forgotten
  8833 | D:6      | Found a basalt altar of Yredelemnul.
  8844 | D:6      | Reached skill level 1 in Armour
  8862 | D:6      | Noticed Edmund
  8881 | D:6      | Killed Edmund
  9335 | D:7      | Killed Joseph
  9336 | D:7      | Reached skill level 5 in Fighting
  9550 | D:7      | Noticed a troll
  9558 | D:7      | Killed a troll
  9630 | D:7      | Reached * piety under Hepliaklqana
  9644 | D:7      | Found a blossoming altar of Fedhas.
  9678 | D:7      | Reached XP level 10. HP: 72/72 MP: 10/17
  9684 | D:7      | Reached skill level 5 in Spellcasting
  9782 | D:7      | Noticed a two-headed ogre
  9782 | D:7      | Noticed a gargoyle
  9783 | D:7      | Noticed a two-headed ogre
  9806 | D:7      | Killed a two-headed ogre
  9821 | D:7      | Killed a gargoyle
  9834 | D:7      | Killed a two-headed ogre
  9835 | D:7      | Reached skill level 10 in Summonings
 10022 | D:7      | Reached skill level 1 in Maces & Flails
 11042 | D:7      | Found a white marble altar of Elyvilon.
 11118 | D:7      | Noticed a deep elf pyromancer
 11132 | D:7      | Killed a deep elf pyromancer
 11267 | D:7      | Found a blossoming altar of Fedhas.
 11760 | D:8      | Reached XP level 11. HP: 71/85 MP: 20/20
 11864 | D:8      | Learned a level 4 spell: Ignite Poison
 12166 | D:8      | Found an iron altar of Okawaru.
 12480 | D:9      | Reached ** piety under Hepliaklqana
 12481 | D:9      | Remembered your ancestor Pebble as a knight
 12560 | D:9      | Noticed Gastronok
 12770 | D:9      | Reached skill level 1 in Alchemy
 12967 | D:9      | Learned a level 4 spell: Martyr's Knell
 13032 | D:9      | Killed Gastronok
 13033 | D:9      | Reached skill level 5 in Maces & Flails
 13313 | D:10     | Entered Level 10 of the Dungeon
 13476 | D:10     | Reached skill level 5 in Armour
 13719 | D:10     | Noticed Snorg
 13740 | D:10     | Killed Snorg
 14035 | D:10     | Reached skill level 10 in Fighting
 14121 | D:10     | Reached XP level 12. HP: 93/95 MP: 19/22
 14416 | D:10     | Learned a level 2 spell: Blink
 14881 | D:11     | Noticed Lodul
 14883 | D:11     | Reached skill level 1 in Translocations
 14891 | D:11     | Killed Lodul
 14904 | D:11     | Reached *** piety under Hepliaklqana
 14954 | D:11     | Found a staircase to the Orcish Mines.
 14959 | D:11     | Noticed a two-headed ogre
 14975 | D:11     | Killed a two-headed ogre
 14976 | D:11     | Reached skill level 1 in Invocations
 15020 | D:11     | Noticed Amaemon
 15032 | D:11     | Killed Amaemon
 15175 | D:11     | Noticed a boulder beetle
 15189 | D:11     | Killed a boulder beetle
 15247 | D:11     | Noticed a two-headed ogre
 15256 | D:11     | Killed a two-headed ogre
 15325 | D:11     | Reached skill level 5 in Necromancy
 15575 | D:11     | Noticed a boulder beetle
 15587 | D:11     | Killed a boulder beetle
 15588 | D:11     | Reached skill level 5 in Evocations
 15627 | D:11     | Found a staircase to the Lair.
 16070 | D:11     | Found a runed translucent door.
 16070 | D:11     | Found a runed translucent door.
 16070 | D:11     | Noticed a centaur warrior
 16070 | D:11     | Noticed a tengu warrior
 16071 | D:11     | Noticed a tengu warrior
 16071 | D:11     | Noticed a centaur warrior
 16072 | D:11     | Noticed a boulder beetle
 16072 | D:11     | Noticed a boulder beetle
 16073 | D:11     | Noticed a centaur warrior
 16160 | D:11     | Reached XP level 13. HP: 61/102 MP: 25/25
 16456 | D:11     | Reached skill level 1 in Shields
 16739 | D:11     | Reached skill level 5 in Invocations
 16977 | Lair:1   | Entered Level 1 of the Lair of Beasts
 17759 | Lair:1   | Reached **** piety under Hepliaklqana
 18308 | Lair:2   | Reached skill level 10 in Maces & Flails
 18391 | Lair:2   | Found a staircase to the Snake Pit.
 18619 | Lair:2   | Reached skill level 5 in Shields
 19702 | Lair:3   | Reached XP level 14. HP: 98/113 MP: 26/26
 19840 | Lair:3   | Found a frozen archway.
 19880 | IceCv    | Entered an ice cave
 20412 | IceCv    | Found an ancient bone altar of Kikubaaqudgha.
 21561 | Lair:3   | You fall into a shaft and drop 2 floors!
 21561 | Lair:5   | Entered Level 5 of the Lair of Beasts
 22679 | Lair:5   | Identified the +7 quarterstaff of Votu Coi {freeze, rPois}
 22699 | Lair:5   | Reached XP level 15. HP: 120/120 MP: 27/27
 22962 | Lair:4   | Reached ***** piety under Hepliaklqana
 23541 | Lair:4   | Found a viscous altar of Jiyva.
 23541 | Lair:4   | Found a staircase to the Slime Pits.
 24230 | Lair:5   | Found a burning altar of Makhleb.
 24339 | Lair:5   | Reached skill level 10 in Invocations
 24452 | Lair:5   | Found a gateway to Hell.
 24873 | Orc:1    | Entered Level 1 of the Orcish Mines
 25048 | Orc:1    | Found a roughly hewn altar of Beogh.
 25203 | Orc:2    | Entered Level 2 of the Orcish Mines
 25355 | Orc:2    | Found Camyvone's Book Emporium.
 25485 | Orc:2    | Learned a level 5 spell: Fireball
 25505 | Orc:2    | Found a staircase to the Elven Halls.
 25717 | Orc:2    | Found a roughly hewn altar of Beogh.
 26257 | Orc:2    | Found Gecibot's Antique Armour Shop.
 26289 | Orc:2    | Found an ancient bone altar of Kikubaaqudgha.
 26298 | Orc:2    | Reached skill level 1 in Dodging
 26384 | Orc:2    | Found Aliumueb's Jewellery Shop.
 26571 | Orc:2    | Found a radiant altar of Vehumet.
 26584 | Orc:2    | Found a roughly hewn altar of Beogh.
 26584 | Orc:2    | Found Qoitz's Book Shop.
 26638 | Orc:2    | Found Vahann's Distillery.
 26650 | Orc:2    | Bought 2 potions of might for 104 gold pieces
 26650 | Orc:2    | Bought a potion of brilliance for 52 gold pieces
 26873 | Orc:2    | Bought a book of Spectacle for 672 gold pieces
 26941 | Orc:2    | Bought a ring of see invisible for 240 gold pieces
 27047 | D:11     | Learned a level 6 spell: Starburst
 28040 | D:13     | Found Untus's Distillery.
 28053 | D:13     | Bought a potion of cancellation for 120 gold pieces
 28053 | D:13     | Bought a potion of invisibility for 120 gold pieces
 29323 | D:13     | Found a gate to the Vaults.
 29816 | D:14     | Reached XP level 16. HP: 116/129 MP: 29/29
 30578 | D:14     | Reached ****** piety under Hepliaklqana
 30828 | D:15     | Entered Level 15 of the Dungeon
 31953 | D:15     | Found a staircase to the Depths.
 32246 | Snake:1  | Entered Level 1 of the Snake Pit
 32682 | Snake:1  | Found Kynest's Vocational Training.
 33026 | Snake:1  | Reached skill level 10 in Armour
 33043 | Snake:1  | Reached skill level 10 in Spellcasting
 33305 | Snake:1  | Found Gukiopp's Jewellery Emporium.
 33307 | Snake:1  | Found Couxkosch's Antique Armour Emporium.
 33307 | Snake:1  | Found Ytwino Etzow's Book Shoppe.
 33314 | Snake:1  | Found Relyek's Antique Weapon Shoppe.
 33326 | Snake:1  | Bought the amulet "Faot" {Reflect Fly rC+ Int+4 Dex-4 SH+5}
                  | for 737 gold pieces
 33922 | Snake:2  | Reached skill level 10 in Fire Magic
 34135 | Snake:2  | Reached skill level 5 in Conjurations
 34664 | Snake:2  | Reached skill level 10 in Evocations
 35263 | Snake:2  | Reached XP level 17. HP: 136/136 MP: 5/31
 35913 | Snake:3  | Found Udaophoq's Book Shoppe.
 36472 | Snake:3  | Identified the serpent talisman "Ryuq" {rC+ rCorr Str+3}
 36472 | Snake:3  | Noticed Aizul
 36482 | Snake:3  | Killed Aizul
 36595 | Snake:3  | Noticed Mara
 36607 | Snake:3  | Killed Mara
 36645 | Snake:3  | Noticed Jorgrun
 36653 | Snake:3  | Killed Jorgrun
 37182 | Snake:4  | Entered Level 4 of the Snake Pit
 39219 | Snake:4  | Got a serpentine rune of Zot
 39437 | Lair:3   | Found a transporter.
 39494 | Lair:3   | Found a transporter.
 39499 | Lair:3   | Noticed mrw0lf's ghost (journeyman TrFi)
 39571 | Lair:3   | Noticed Sonja
 39572 | Lair:3   | Sonja changed into Sonja the human
 39572 | Lair:3   | Noticed Sonja
 39573 | Lair:3   | Sonja the human changed into Sonja the hornet
 39573 | Lair:3   | Noticed Sonja
 39575 | Lair:3   | Killed Sonja the hornet
 39644 | Lair:3   | Found a staircase to the Swamp.
 40022 | Lair:3   | Killed mrw0lf's ghost
 40186 | Lair:3   | Identified the amulet of the Meager Cherry {Spirit rF+++
                  | Dex-2 Slay-2 Stlth+}
 40296 | Swamp:1  | Entered Level 1 of the Swamp
 40296 | Swamp:1  | Noticed Mlioglotl
 40308 | Swamp:1  | Noticed a tentacled monstrosity
 40315 | Swamp:1  | Reached XP level 18. HP: 122/144 MP: 33/33
 40611 | Swamp:1  | Noticed Donald
 40621 | Swamp:1  | Killed Donald
 40662 | Swamp:1  | Killed Mlioglotl
 41381 | Swamp:2  | Found a shimmering altar of Xom.
 42269 | Swamp:3  | Noticed Bai Suzhen
 42442 | Swamp:3  | Killed Bai Suzhen
 43201 | Swamp:4  | Entered Level 4 of the Swamp
 43548 | Swamp:4  | Reached skill level 15 in Fighting
 43869 | Swamp:4  | Reached skill level 10 in Conjurations
 44214 | Swamp:4  | Noticed the 27-headed Lernaean hydra
 44222 | Swamp:4  | Killed the 27-headed Lernaean hydra
 44492 | Swamp:4  | Got a decaying rune of Zot
 45022 | Snake:3  | Bought an Everburning Encyclopedia for 570 gold pieces
 45031 | Snake:3  | Learned a level 8 spell: Ignition
 45092 | Snake:1  | Bought a slimy leather armour for 217 gold pieces
 45092 | Snake:1  | Identified the +0 leather armour of Love and Death {Slay+2}
                  | (You bought it in a shop on level 1 of the Snake Pit)
 45322 | Elf:1    | Entered Level 1 of the Elven Halls
 45327 | Elf:1    | Noticed Kirke
 45350 | Elf:1    | Killed Kirke
 45355 | Elf:1    | Reached XP level 19. HP: 108/153 MP: 4/35
 45498 | Elf:1    | Reached skill level 15 in Fire Magic
 45620 | Elf:1    | Identified the +0 scale mail of Happy Babbling {Harm rC+++
                  | Regen+ Stlth+}
 45880 | Elf:1    | Found a huge runed translucent gate.
 45880 | Elf:1    | Found a huge runed translucent gate.
 45976 | Elf:1    | Found a huge runed translucent gate.
 45976 | Elf:1    | Found a huge runed translucent gate.
 45976 | Elf:1    | Found a huge runed translucent gate.
 45976 | Elf:1    | Found a huge runed translucent gate.
 45977 | Elf:1    | Found a huge runed translucent gate.
 45978 | Elf:1    | Found a huge runed translucent gate.
 45978 | Elf:1    | Found a huge runed translucent gate.
 45978 | Elf:1    | Found a huge runed translucent gate.
 45979 | Elf:1    | Found a huge runed translucent gate.
 45979 | Elf:1    | Found a huge runed translucent gate.
 45979 | Elf:1    | Found a huge runed translucent gate.
 45979 | Elf:1    | Found a huge runed translucent gate.
 45979 | Elf:1    | Found a huge runed translucent gate.
 45979 | Elf:1    | Found a huge runed translucent gate.
 45979 | Elf:1    | Found a huge runed translucent gate.
 45980 | Elf:1    | Found a huge runed translucent gate.
 45980 | Elf:1    | Found a huge runed translucent gate.
 45980 | Elf:1    | Found a huge runed translucent gate.
 46763 | Elf:1    | Found Jeifeud's Book Shop.
 46765 | Elf:1    | Found Lyavokie's Jewellery Shoppe.
 46766 | Elf:1    | Found Ekhuo's Book Shop.
 47100 | Elf:1    | Noticed Nikola
 47109 | Elf:1    | Killed Nikola
 48367 | Elf:2    | Found a huge runed translucent gate.
 48367 | Elf:2    | Found a huge runed translucent gate.
 48367 | Elf:2    | Found a huge runed translucent gate.
 48367 | Elf:2    | Found a huge runed translucent gate.
 48368 | Elf:2    | Found a huge runed translucent gate.
 48673 | Elf:2    | Found Moqasuc's Jewellery Shoppe.
 48799 | Elf:2    | Noticed Zenata
 48805 | Elf:2    | Killed Zenata
 49215 | Elf:3    | Entered Level 3 of the Elven Halls
 50289 | Elf:3    | Found Boorileluo's Distillery.
 50619 | Elf:3    | Reached XP level 20. HP: 162/162 MP: 11/38
 50682 | Elf:3    | Identified the +2 robe of Caustic the Good {rPois Regen+
                  | Int-4 Dex-4}
 50682 | Elf:3    | Identified the ring of Ytaushre {^Contam rC+ EV+5 Dex+4}
 50963 | Elf:3    | Identified the +11 short sword of Utzacw {venom, rF++
                  | Int-3}
 50963 | Elf:3    | Identified the ring "Lenokium" {Fly rElec rF+}
 51117 | Elf:3    | Identified the +1 flail of Incongruity {holy, Will+ Int+6
                  | Dex+2}
 51117 | Elf:3    | Identified the ring "Jidyrgh" {Wiz Will+}
 51305 | Elf:3    | Identified the ring of Waez {rN+ MP+9 Str+3 Int+5}
 51328 | Elf:3    | Identified the +7 ring mail "Ymmybb" {rN+ Str+2}
 51349 | Elf:3    | Got the Atlas of the Throng and the Manifold
 51352 | Elf:3    | Identified the staff of Gallantry {rC+ Will+ Ice}
 51482 | Elf:3    | Bought a potion of brilliance for 60 gold pieces
 51482 | Elf:3    | Bought a potion of brilliance for 60 gold pieces
 51482 | Elf:3    | Bought a potion of brilliance for 60 gold pieces
 51482 | Elf:3    | Bought a potion of heal wounds for 75 gold pieces
 51718 | Vaults:1 | Entered Level 1 of the Vaults
 51882 | Vaults:1 | Noticed Saint Roka
 51892 | Vaults:1 | Killed Saint Roka
 52218 | Vaults:1 | Noticed Norris
 52258 | Vaults:1 | Killed Norris
 54669 | Vaults:2 | Reached XP level 21. HP: 169/169 MP: 6/39
 55222 | Vaults:2 | Found Nimoedats's Distillery.
 55312 | Vaults:2 | Bought a potion of heal wounds for 60 gold pieces
 55312 | Vaults:2 | Bought 2 potions of brilliance for 96 gold pieces
 55431 | Vaults:2 | Identified the +1 robe of Tortelloni {^Drain rN++ Will+
                  | Int+3}
 55572 | Vaults:2 | Found a staircase to the Crypt.
 56293 | Vaults:3 | Found a glowing golden altar of the Shining One.
 56308 | Vaults:3 | Found Iboh's Distillery.
 56425 | Vaults:3 | Found a flickering gateway to a bazaar.
 56435 | Vaults:3 | Identified the +1 robe of Ocwaroe {rF+ rN+}
 56451 | Bazaar   | Entered a bazaar
 56452 | Bazaar   | Found Cihettokhle's Antique Armour Shoppe.
 56456 | Bazaar   | Found Qabror's Distillery.
 56514 | Bazaar   | Found Lint's General Store.
 56524 | Bazaar   | Found Inacs's Book Shoppe.
 56532 | Bazaar   | Found Jokhousi's Weapon Emporium.
 56546 | Bazaar   | Bought a book of Spontaneous Combustion for 418 gold pieces
 56553 | Bazaar   | Learned a level 5 spell: Irradiate
 56560 | Bazaar   | Bought a scroll of immolation for 72 gold pieces
 56567 | Bazaar   | Bought a jewelled helmet for 190 gold pieces
 56567 | Bazaar   | Identified the +1 helmet "Guotwoim" {^Contam Will+ SInv}
                  | (You bought it in a shop in a bazaar)
 56583 | Bazaar   | Bought a potion of brilliance for 48 gold pieces
 56583 | Bazaar   | Bought a potion of cancellation for 96 gold pieces
 56583 | Bazaar   | Bought a potion of haste for 120 gold pieces
 56583 | Bazaar   | Bought a potion of mutation for 96 gold pieces
 56583 | Bazaar   | Bought a potion of mutation for 96 gold pieces
 56739 | Vaults:3 | Reached skill level 15 in Conjurations
 57592 | Vaults:3 | Found Fiut's Armour Shoppe.
 59290 | Vaults:4 | Reached XP level 22. HP: 180/180 MP: 18/40
 59553 | Vaults:4 | Found Qoet's Weapon Boutique.
 59798 | Vaults:5 | Entered Level 5 of the Vaults
 60137 | Slime:1  | Entered Level 1 of the Pits of Slime
 60152 | Slime:1  | Gained mutation: Your body sometimes deteriorates upon
                  | taking damage. [a shining eye]
 60153 | Slime:1  | Gained mutation: You are dopey. (Int -2) [a shining eye]
 61878 | Slime:4  | Reached skill level 15 in Spellcasting
 62202 | Slime:5  | Entered Level 5 of the Pits of Slime
 62210 | Slime:5  | Gained mutation: Your body often deteriorates upon taking
                  | damage. [a shining eye]
 62475 | Slime:5  | Noticed the Royal Jelly
 62484 | Slime:5  | Killed the Royal Jelly
 63042 | Slime:5  | Identified the +2 hand axe of Ethereal Action {venom, rPois
                  | rCorr}
 63101 | Slime:5  | Found the +0 mask of the Dragon {Will+ Slay+3 SInv}
 63224 | Slime:5  | Got a slimy rune of Zot
 63226 | Slime:5  | Got the Essays on Jinxing and the Welkin
 63227 | Slime:5  | Identified the +1 short sword "Synt" {protect, rElec}
 63389 | Slime:5  | Got the Compendium of Ill Luck and Feathers
 63713 | Orc:2    | Bought Luydov's Teachings on the Burnt Snowflakes for 480
                  | gold pieces
 63898 | Depths:1 | Entered Level 1 of the Depths
 64501 | Depths:1 | Reached XP level 23. HP: 188/188 MP: 19/42
 64709 | Depths:1 | Found Acilal's Assorted Antiques.
 65012 | Depths:1 | Found a stormy altar of Qazlal.
 65059 | Depths:1 | Learned a level 7 spell: Orb of Destruction
 65163 | Depths:1 | Found a runed translucent door.
 65171 | Depths:1 | Found a runed translucent door.
 66365 | Depths:1 | Bought a scroll of enchant armour for 262 gold pieces
 66747 | Depths:1 | Lost mutation: You are dopey. (Int -2) [potion of mutation]
 66747 | Depths:1 | Lost mutation: Your body often deteriorates upon taking
                  | damage. [potion of mutation]
 66761 | Depths:1 | Learned a level 9 spell: Fire Storm
 66860 | Depths:2 | Found a one-way gate to the infinite horrors of the Abyss.
 67086 | Depths:2 | Found a one-way gateway to a ziggurat.
 67106 | Depths:2 | Learned a level 3 spell: Passwall
 68491 | Depths:2 | Found a one-way gate leading to the halls of Pandemonium.
 68733 | Depths:2 | Found a transporter.
 68738 | Depths:2 | Found a transporter.
 68891 | Depths:2 | Identified the ring of the Winnowing Gods {rC+ rCorr}
 69811 | Depths:3 | Identified the +4 trident of Integrity {freeze, rF- rN+++
                  | Str-5 SInv}
 70232 | Depths:3 | Noticed Jory
 70237 | Depths:3 | Killed Jory
 71553 | Snake:1  | Bought a manual of Invocations for 1200 gold pieces
 71814 | Depths:4 | Entered Level 4 of the Depths
 72306 | Depths:4 | Reached XP level 24. HP: 195/195 MP: 36/43
 72397 | Depths:4 | Noticed Vv
 73104 | Depths:4 | Killed Vv
 73324 | Depths:4 | Noticed Parghit
 73332 | Depths:4 | Killed Parghit
 74042 | Depths:4 | Reached skill level 15 in Invocations
 75178 | Depths:4 | Found a gate to the Realm of Zot.
 75364 | Depths:4 | Found a hide-covered altar of Uskayaw.
 75749 | Zot:1    | Entered Level 1 of the Realm of Zot
 75974 | Zot:1    | Noticed an orb of fire
 75982 | Zot:1    | Killed an orb of fire
 76273 | Zot:1    | Identified the staff "Rupaz" {rC+ Will+ Str+2 Int+3 Ice}
 76273 | Zot:1    | Identified the ring of Jediwkob {Ice rPois rN+ Str+4 SInv}
 76273 | Zot:1    | Noticed Josephina
 76276 | Zot:1    | Killed Josephina
 76663 | Zot:1    | Identified the +0 pair of gloves "Soschiust" {rElec Str-4
                  | Dex+4}
 77307 | Zot:1    | Learned a level 5 spell: Yara's Violent Unravelling
 77309 | Zot:2    | Noticed Grunn
 77313 | Zot:2    | Reached skill level 1 in Hexes
 77485 | Zot:2    | Noticed an orb of fire
 77647 | Zot:2    | Killed an orb of fire
 77933 | Zot:2    | Reached XP level 25. HP: 186/200 MP: 19/43
 77933 | Zot:2    | Killed Grunn
 79857 | Zot:3    | Reached skill level 15 in Armour
 80045 | Zot:3    | Noticed a Killer Klown
 80052 | Zot:3    | Killed a Killer Klown
 80198 | Zot:3    | Noticed a Killer Klown
 80199 | Zot:3    | Noticed a Killer Klown
 80203 | Zot:3    | Killed a Killer Klown
 80213 | Zot:3    | Killed a Killer Klown
 80444 | Zot:3    | Noticed a Killer Klown
 80459 | Zot:3    | Killed a Killer Klown
 82042 | Elf:3    | Bought a potion of invisibility for 120 gold pieces
 82042 | Elf:3    | Bought a potion of haste for 150 gold pieces
 82361 | Vaults:3 | Bought a potion of heal wounds for 110 gold pieces
 83125 | Zot:4    | Noticed a Killer Klown
 83132 | Zot:4    | Killed a Killer Klown
 84541 | Zot:5    | Entered Level 5 of the Realm of Zot
 85396 | Zot:5    | Noticed an orb of fire
 85406 | Zot:5    | Killed an orb of fire
 85407 | Zot:5    | Reached XP level 26. HP: 215/215 MP: 33/43
 85408 | Zot:5    | Noticed an orb of fire
 85414 | Zot:5    | Killed an orb of fire
 85415 | Zot:5    | Noticed an orb of fire
 85423 | Zot:5    | Killed an orb of fire
 85428 | Zot:5    | Noticed an ancient lich
 85432 | Zot:5    | Killed an ancient lich
 85808 | Zot:5    | Noticed an orb of fire
 85814 | Zot:5    | Killed an orb of fire
 85973 | Zot:5    | Noticed an ancient lich
 85978 | Zot:5    | Killed an ancient lich
 86080 | Zot:5    | Noticed an ancient lich
 86091 | Zot:5    | Killed an ancient lich
 86309 | Zot:5    | Noticed an orb of fire
 86315 | Zot:5    | Killed an orb of fire
 86323 | Zot:5    | Noticed an orb of fire
 86329 | Zot:5    | Killed an orb of fire
 86360 | Zot:5    | Noticed an orb of fire
 86365 | Zot:5    | Killed an orb of fire
 86517 | Zot:5    | Noticed a dread lich
 86524 | Zot:5    | Killed a dread lich
 86671 | Zot:5    | Got the Orb of Zot
 86690 | Zot:5    | Noticed Wicaz the pandemonium lord
 86695 | Zot:5    | Killed Wicaz the pandemonium lord
 86710 | Zot:5    | Noticed a seraph
 86847 | Depths:4 | Noticed Ryos the pandemonium lord
 87213 | D:$      | Escaped with the Orb!

Illustrated notes

Levels and vault maps discovered:
D:1:      dpeg_arrival_erosion, layout_rooms,
          hellmonk_ecumenical_altar_dog_temple
D:2:      layout_rooms, hangedman_decor_growths, minmay_statues_item
D:3:      layout_basic, gammafunk_temple_overflow_statue,
          cheibrodos_sewer_entry_bend, minmay_snake_closets
D:4:      layout_basic, nicolae_tso_swordbearing_angel
D:5:      layout_layer_cave, minmay_temple_entry_proselytizer
D:6:      layout_loops_cross, nicolae_yredelemnul_corpse_copse,
          mainiacjoe_overflow_tiny_flanked, st_stairs_5,
          chequers_serial_rivers_micro_b, uniq_crazy_yiuf_cottage, uniq_edmund
D:7:      nzn_winding_woodlands_cross [nzn_winding_woodlands_5x15_longhouse,
          nzn_winding_woodlands_5x15_jagged,
          nzn_winding_woodlands_5x15_pathside_ponds,
          nzn_winding_woodlands_5x15_sawtooth,
          nzn_winding_woodlands_15x15_killbox], layout_gridville,
          kennysheep_mini, elyvilon_altar_3, hangedman_abyss_or_decor_stagger,
          uniq_joseph
D:8:      layout_loops_ring, kennysheep_mini_moat
D:9:      layout_rooms, uniq_gastronok
D:10:     layout_irregular_city, hangedman_corner_corridor, uniq_snorg
D:11:     minmay_the_grid_triangle_9x9_recursive_3_mashed
          [minmay_the_grid_triangle_9x9_warning,
          minmay_the_grid_triangle_9x9_tough_junction,
          minmay_the_grid_triangle_9x9_from_above,
          minmay_the_grid_triangle_9x9_prize_insulated,
          minmay_the_grid_triangle_9x9_steps,
          minmay_the_grid_triangle_9x9_wacky_v,
          minmay_the_grid_triangle_9x9_stretched_checkered,
          minmay_the_grid_triangle_9x9_checkered,
          minmay_the_grid_triangle_9x9_zippers_vertical], layout_rooms,
          erik_lair_orcish_takeover, uniq_lodul, uniq_amaemon
D:12:     layout_loops_ring
D:13:     layout_loops_ring, ximxim_vaults_locker_room, serial_shops, shop,
          hangedman_decor_peaks_small, minmay_statue_bubble
D:14:     layout_irregular_city
D:15:     grunt_enter_depths_magical_seal, layout_loops_ring, nrook_uturn
Temple:   zaba_magenta_temple
Lair:1:   layout_regular_city, lemuel_fruit_tree
Lair:2:   layout_layer_cave, dummy_snake_entry
Lair:3:   layout_cave_pods, minmay_swamp_entry_reptiles, portal_ice_cave_rime,
          gammafunk_ghost_berserking_beasts, serial_bayou_pond_e,
          grunt_megastairs_5, infiniplex_staircase_pool, uniq_sonja
Lair:4:   layout_hall_layers, dpeg_slime_entry_enclosed, serial_bayou,
          serial_bayou_lake_a, serial_bayou_lagoon_b, serial_bayou_lagoon_a,
          serial_bayou_ford_a, chequers_serial_rivers_small_3
Lair:5:   evil_forest, layout_small_grid, minmay_lair_drake_nest
Swamp:1:  layout_basic_swamp, evilmike_swamp_ruin_house_3, uniq_mlioglotl,
          uniq_donald
Swamp:2:  layout_falls_marsh, basic_altar, swamp_pool_1_2,
          nicolae_swamp_nymph_family_reunion, nicolae_swamp_tree_isthmus
Swamp:3:  layout_basic_swamp, evilmike_swamp_ruin_house_6, uniq_bai_suzhen
Swamp:4:  swamp_old_school, layout_basic_swamp
Snake:1:  layout_basic, nicolae_shop_vocational, minmay_shoptagon
Snake:2:  nicolae_snake_hallway, layout_chambers, st_stairs_14, eino_curves_03
Snake:3:  layout_misc_corridors, serial_shops, nicolae_book_shop_shelving,
          serial_bayou_shore_b, uniq_aizul, uniq_mara, uniq_jorgrun
Snake:4:  snake_pit_salamanders_mu, layout_onion_interference,
          nicolae_snake_guarding_the_ruins, serial_bayou_shore_a,
          serial_bayou_shore_b
Slime:1:  layout_caves
Slime:2:  layout_caves
Slime:3:  layout_caves
Slime:4:  layout_caves
Slime:5:  slime_pit_nicolae_inversion
Orc:1:    layout_caves, basic_altar
Orc:2:    kennysheep_orc_mage_school, layout_diamond_mine, serial_shops,
          nicolae_book_shop_shelving, basic_altar
Elf:1:    eino_elf_arrival_shootout, layout_geoelf_grid,
          hangedman_elf_represent, abandoned_shop, minmay_shop_grove,
          uniq_nikola, uniq_kirke
Elf:2:    elven_hall_of_blades_hangedman_alternative [nicolae_blade_lattice],
          layout_loops_cross, serial_shops, nicolae_shop_gaudy_bauble,
          minivault_25_ag, drop_trap, uniq_zenata
Elf:3:    minmay_elf_hall_circle, layout_geoelf_diagonals, serial_shops,
          nicolae_shop_pleasant_corner_grove, minmay_fountain_box
Vaults:1: nicolae_vaults_triangles, nicolae_vaults_offset_grid_hallway_1,
          nicolae_vaults_more_shelving_1, nicolae_vaults_network_s,
          ontoclasm_vaults_idyll, nicolae_vaults_alarming, vaults_room_pools,
          serial_ice_m, v_misc_29, layout_vaults_quadrants, uniq_saint_roka,
          uniq_norris
Vaults:2: minmay_crypt_entry_simple_statues, nicolae_vaults_tangram_1,
          v_rooms_3, vaults_mumra_lcd, grunt_vaults_swirl, v_alt_pattern_4,
          nicolae_vaults_doubleplus_tesselated, nicolae_vaults_trapezoid_2,
          nicolae_vaults_asterisk, vaults_dpeg_encased_lava,
          vaults_standard_mumra_x, nicolae_vaults_six-pack,
          nicolae_vaults_tetromino_Z_1, nicolae_vaults_trapezoid_2,
          layout_vaults_big_cross, serial_shops, nicolae_diamond_shop
Vaults:3: lemuel_angel_altar, nicolae_vaults_double_plus_2, v_misc_30,
          nicolae_vaults_trapezoid_lopsided_1, v_misc_28,
          nicolae_vaults_taking_the_gang_shopping, ontoclasm_vaults_fire_temple,
          ontoclasm_vaults_ring_small, vaults_room_corners,
          nicolae_vaults_trapezoid_lopsided_4,
          nicolae_vaults_variable_pillar_hall, nicolae_vaults_tetromino_Z_2,
          nicolae_vaults_tetromino_L_2, nicolae_vaults_trapezoid_lopsided_3,
          layout_vaults_maze_snakey, serial_shops, bzr_entry_water,
          nicolae_shop_industrial_runoff
Vaults:4: v_misc_18, hangedman_vaults_hat, v_misc_4, nicolae_vaults_what_the_h,
          grunt_vaults_funnel, nicolae_vaults_prndl, st_diamondy,
          nicolae_vaults_diamond_2, layout_vaults_omnibox, serial_shops,
          nicolae_shop_bloodbath_and_beyond
Vaults:5
Depths:1: thingy_vault_2, layout_cave_pools, hell_entry, serial_shops, shop,
          hangedman_decor_diamond_cutter, grunt_qazlal_sundering
Depths:2: gammafunk_jiyva_shrine, layout_gridville, enter_ziggurat_f,
          hellmouth_3, rand_demon_pan_entry_1,
          nicolae_concentric_dashed_squares_mild, abyss_entry, st_stairs_12
Depths:3: due_jory_tower, layout_honeycomb, abyss_entry_crystal,
          hangedman_coc_ice_floe, chequers_serial_rivers_marsh,
          serial_bayou_shore_b
Depths:4: lemuel_castle_with_subvaults [lemuel_castle_interior_carwin_2],
          layout_gridville, hell_entry, chequers_serial_rivers_marsh,
          eat_drink_and_be_merry_uskayaw, grunt_megastairs_2, uniq_vv,
          uniq_parghit
Zot:1:    layout_cellular_growth, uniq_josephina
Zot:2:    layout_misc_corridors, grunt_megastairs_3, uniq_grunn
Zot:3:    circus_mu, layout_basic, regret_index_zotdec_carving_tricks
Zot:4:    layout_cellular_growth
Zot:5:    layout_gridlike, nicolae_zig_zag_zippers

Skill      XL: |  1  2  3  4  5  6  7  8  9 10 11 12 13 14 15 16 17 18 19 20 21 22 23 24 25 26 |
---------------+-------------------------------------------------------------------------------+-----
Conjurations   | 1 2 3 5 8 10 12 14 15 17 19 20 21 | 21.0
Stealth        | 1 2 |  2.0
Fighting       | 1 2 4 5 8 10 12 13 14 15 16 17 18 19 20 | 20.0
Summonings     | 1 3 5 7 8 9 10 | 10.0
Spellcasting   | 2 3 4 6 7 8 9 10 11 12 14 15 16 17 | 17.1
Evocations     | 2 4 5 6 7 9 10 13 | 13.1
Fire Magic     | 5 6 7 8 10 13 14 16 19 20 22 23 | 23.5
Air Magic      | 4 |  4.0
Armour         | 3 5 6 8 9 10 11 14 15 | 15.0
Maces & Flails | 4 6 8 10 11 12 13 14 | 14.0
Alchemy        | 3 |  3.0
Translocations | 2 |  2.0
Necromancy     | 5 6 7 8 |  8.0
Invocations    | 4 7 9 11 12 18 23 | 23.5
Shields        | 5 6 |  6.0
Dodging        | 2 4 |  4.0
Hexes          | 2 4 |  4.0

Action                     |  1- 3 |  4- 6 |  7- 9 | 10-12 | 13-15 | 16-18 | 19-21 | 22-24 | 25-27 || total
---------------------------+-------+-------+-------+-------+-------+-------+-------+-------+-------++-------
  Melee: War axe           |    18 |       |     3 |       |       |       |       |       |       ||    21
         Dagger            |       |   102 |    47 |       |       |       |       |       |       ||   149
         Mace              |       |       |    67 |   160 |   509 |   485 |    41 |       |       ||  1262
         Staff             |       |       |       |       |     1 |     6 |    56 |       |       ||    63
         Flail             |       |       |       |       |       |       |   128 |   300 |    80 ||   508
  Throw: Stone             |       |     8 |       |       |       |       |       |       |       ||     8
         Dart              |       |       |    11 |     2 |     6 |    12 |     8 |     4 |       ||    43
         Boomerang         |       |       |     1 |       |       |       |       |       |       ||     1
   Cast: Shock             |    48 |    95 |    50 |    55 |    43 |       |       |       |       ||   291
         Call Canine Famil |       |     5 |    26 |    30 |    40 |     8 |    11 |     1 |       ||   121
         Summon Lightning  |       |       |    28 |    54 |   110 |    49 |     2 |     7 |       ||   250
         Summon Blazeheart |       |       |     4 |    14 |    31 |     2 |     7 |       |       ||    58
         Martyr's Knell    |       |       |       |    29 |    52 |    18 |    13 |     4 |       ||   116
         Ignite Poison     |       |       |       |     1 |     1 |       |       |       |       ||     2
         Fireball          |       |       |       |       |    38 |   290 |   295 |   175 |    93 ||   891
         Starburst         |       |       |       |       |       |    54 |    74 |   123 |    60 ||   311
         Blink             |       |       |       |       |       |     2 |       |     2 |       ||     4
         Ignition          |       |       |       |       |       |       |    67 |    92 |    15 ||   174
         Irradiate         |       |       |       |       |       |       |       |    28 |     7 ||    35
         Fire Storm        |       |       |       |       |       |       |       |    34 |    76 ||   110
         Orb of Destructio |       |       |       |       |       |       |       |    39 |    37 ||    76
         Passwall          |       |       |       |       |       |       |       |     3 |     2 ||     5
         Yara's Violent Un |       |       |       |       |       |       |       |       |     1 ||     1
 Invoke: Ancestor Identity |       |       |     1 |       |       |       |       |       |       ||     1
         Recall Ancestor   |       |       |       |     2 |     3 |     5 |     2 |     7 |     8 ||    27
         Ancestor Life: Kn |       |       |       |     1 |       |       |       |       |       ||     1
         Transference      |       |       |       |     1 |       |     1 |       |       |     4 ||     6
         Idealise          |       |       |       |       |     6 |     8 |     8 |     8 |    17 ||    47
  Evoke: Wand              |       |       |     2 |     3 |    13 |    22 |     8 |    22 |    15 ||    85
         Tin of tremorston |       |       |       |       |     2 |     2 |     2 |     1 |       ||     7
         Sack of spiders   |       |       |       |       |     1 |     2 |     1 |     1 |       ||     5
         Phial of floods   |       |       |       |       |       |     2 |     2 |       |       ||     4
         Lightning rod     |       |       |       |       |       |       |    11 |     4 |     5 ||    20
         Phantom mirror    |       |       |       |       |       |       |       |     1 |       ||     1
    Use: Scroll            |     3 |     2 |     6 |    14 |    12 |     7 |     4 |    12 |     6 ||    66
         Potion            |       |       |     1 |     2 |     1 |     5 |     2 |     9 |    16 ||    36
   Stab: Sleeping          |     1 |       |       |       |       |     1 |       |       |       ||     2
         Distracted        |       |       |     2 |     4 |     9 |     7 |       |     2 |     2 ||    26
         Confused          |       |       |       |       |       |     1 |       |       |       ||     1
 Armour: Robe              |    15 |       |       |       |       |       |       |       |       ||    15
         Leather armour    |     4 |    69 |    70 |       |       |       |       |       |       ||   143
         Ring mail         |       |       |    91 |   205 |   532 |   486 |   312 |   127 |       ||  1753
         Swamp dragon scal |       |       |       |       |       |       |       |   276 |   121 ||   397
         Skin              |       |       |       |       |       |       |       |       |     4 ||     4
  Dodge: Dodged            |    17 |    44 |    85 |   100 |   209 |   203 |    94 |   136 |    43 ||   931
  Block: Buckler           |       |       |       |       |   170 |   251 |   111 |   144 |    29 ||   705
         Reflection        |       |       |       |       |       |    25 |    27 |     5 |     2 ||    59

Table legend: (Time is in decaauts)
 A = Elapsed time spent in this place.
 B = Non-inter-level travel time spent in this place.
 C = Inter-level travel time spent in this place.
 D = Time resting spent in this place.
 E = Time spent auto-exploring this place.
 F = Levels seen in this place.
 G = Mean time per level.
                   A        B        C        D        E       F      G
               +--------+--------+--------+--------+--------+-----+--------+
         Total |  89121 |  81297 |   7824 |  26100 |  35379 |  56 | 1591.4 |
       Dungeon |  23880 |  21224 |   2656 |   6032 |   7972 |  15 | 1592.0 |
        Temple |     35 |      7 |     28 |      0 |      0 |   1 |   35.0 |
          Lair |   9477 |   7898 |   1579 |   1459 |   4416 |   5 | 1895.4 |
         Swamp |   4863 |   4630 |    233 |   1843 |   2022 |   4 | 1215.8 |
     Snake Pit |   7417 |   7057 |    360 |   2076 |   3530 |   4 | 1854.2 |
    Slime Pits |   3108 |   2978 |    130 |   1120 |   1310 |   5 |  621.6 |
  Orcish Mines |   2821 |   2111 |    710 |    562 |    995 |   2 | 1410.5 |
   Elven Halls |   6514 |   5934 |    580 |   1913 |   2755 |   3 | 2171.3 |
        Vaults |   8415 |   7977 |    438 |   2613 |   4094 |   5 | 1683.0 |
        Depths |  10880 |  10275 |    605 |   3176 |   5342 |   4 | 2720.0 |
           Zot |   9929 |   9429 |    500 |   4678 |   2808 |   5 | 1985.8 |
        Bazaar |    147 |    147 |      0 |      0 |     77 |   1 |  147.0 |
         Sewer |    452 |    452 |      0 |    103 |      0 |   1 |  452.0 |
      Ice Cave |   1177 |   1177 |      0 |    523 |     56 |   1 | 1177.0 |
               +--------+--------+--------+--------+--------+-----+--------+

Top non-repeatable levels by time:
Depths:4: 4035 daAuts
     D:7: 3065 daAuts
    D:11: 2901 daAuts
  Lair:2: 2650 daAuts
Depths:3: 2545 daAuts
Vaults:1: 2498 daAuts
   Elf:3: 2488 daAuts
   Elf:1: 2470 daAuts
 Snake:2: 2450 daAuts
Vaults:2: 2407 daAuts
    D:13: 2397 daAuts
Depths:2: 2260 daAuts
 Snake:4: 2235 daAuts
  Lair:5: 2217 daAuts
   Zot:3: 2184 daAuts
